 Dungeon Crawl Stone Soup version 0.16.1-16-gc44b35d (webtiles) character file.

141 jacksonaction the Changer (level 5, -5/33 HPs)
             Began as an Octopode Transmuter on Apr 20, 2015.
             Was an Initiate of Cheibriados.
             Slain by an orc
             ... wielding a +0 whip
              (6 damage)
             ... on level 3 of the Dungeon.
             The game lasted 00:14:20 (3204 turns).

jacksonaction the Changer (Octopode Transmuter)     Turns: 3204, Time: 00:14:20

Health: -5/33      AC:  2    Str: 11    XL:     5   Next: 24%
Magic:  6/9        EV: 20    Int: 17    God:    Cheibriados [......]
Gold:   137        SH:  0    Dex: 18    Spells: 3 memorised, 0 levels left

rFire  . . .     SeeInvis .       - Unarmed
rCold  . . .     Clarity  .     (shield currently unavailable)
rNeg   . . .     SustAb   .     (helmet currently unavailable)
rPois  x         Gourm    .     (no amulet)
rElec  .         Spirit   .     (no ring)
rCorr  .         Warding  .     (no ring)
rMut   .         Stasis   .     (no ring)
MR     .....                    (no ring)
Stlth  ++........               (no ring)
                                (no ring)
                                (no ring)
                                (no ring)

@: spider-form, slow, not resistant to hostile enchantments, unstealthy
A: almost no armour, amphibious, 8 rings, (constrict 8), (camouflage 0),
(gelatinous body 0)
a: End Transformation, Bend Time, Renounce Religion


You were on level 3 of the Dungeon.
You worshipped Cheibriados.
Cheibriados was noncommittal.
You were hungry.
You were a venomous arachnid creature.
You visited 1 branch of the dungeon, and saw 4 of its levels.

You collected 137 gold pieces.

Inventory:

Missiles
 b - 12 arrows
 c - 68 stones (quivered)
Jewellery
 q - an uncursed amulet of stasis {unknown}
 y - an uncursed amulet of regeneration {unknown}
Scrolls
 e - a scroll of enchant weapon {unknown}
 g - 2 scrolls of recharging {unknown}
 k - 2 scrolls of remove curse {unknown}
 l - 2 scrolls of amnesia {unknown}
 o - a scroll of identify {unknown}
 r - a scroll of random uselessness {unknown}
 w - a scroll of immolation {unknown}
 x - a scroll of teleportation {unknown}
 z - a scroll of noise {unknown}
Potions
 i - 2 potions of magic {unknown}
 j - a potion of agility {unknown}
 m - 2 potions of lignification {unknown}
 n - 2 potions of ambrosia {unknown}
 p - 2 potions of mutation {unknown}
 s - a potion of brilliance {unknown}
 t - a potion of heal wounds {unknown}
 u - 2 potions of restore abilities {unknown}
 v - a potion of beneficial mutation {unknown}
 C - a potion of curing {unknown}
 D - a potion of invisibility {unknown}
Books
 d - a book of Changes

   Spells                             Type                      Level
   a - Beastly Appendage              Transmutation                1
   b - Sticks to Snakes               Transmutation                2
   c - Spider Form                    Transmutation/Poison         3
   d - Ice Form                       Ice/Transmutation            4
   e - Blade Hands                    Transmutation                5
Comestibles
 a - 2 bread rations
 f - 2 slices of pizza
 h - 3 meat rations
 A - a beef jerky


   Skills:
 - Level 1.0 Fighting
 - Level 2.0 Dodging
 - Level 3.0 Unarmed Combat
 - Level 2.0 Spellcasting
 + Level 5.2 Transmutations
 * Level 0.4 Ice Magic


You couldn't memorise any spells.
You knew the following spells:

 Your Spells              Type           Power        Failure   Level  Hunger
a - Beastly Appendage     Trmt           ###...       10%         1    #......
b - Spider Form           Trmt/Pois      ##........   41%         3    ###....
c - Ice Form              Ice/Trmt       ##......     87%         4    #####..


Dungeon Overview and Level Annotations

Branches:
Dungeon (4/15)
 Temple: D:4-7

Altars:
Cheibriados
Gozag
Ru
Vehumet
Xom


Innate Abilities, Weirdness & Mutations

You cannot wear most types of armour.
You are amphibious.
You can wear up to eight rings at the same time.
((You can use your tentacles to constrict many enemies at once.))
((Your skin changes colour to match your surroundings (Stealth).))
((Your rubbery body absorbs attacks (AC +1).))


Message History

You turn into a venomous arachnid creature.
You are feeling hungry.
The orc hits you with a short sword.
The orc priest mumbles some strange prayers to Beogh against you.
Pain shoots through your body!
You hit the orc priest but do no damage.
The orc hits you with a whip.
You hit the orc priest but do no damage.
The orc priest is poisoned.
The orc priest calls down the wrath of Beogh upon you.
Something smites you!
* * * LOW HITPOINT WARNING * * *
The orc hits you with a short sword.
* * * LOW HITPOINT WARNING * * *
The orc closely misses you.
You hit the orc priest.
The orc priest looks even sicker.
The orc priest is moderately wounded.
The orc priest barely misses you. The orc hits you but does no damage.
The orc hits you with a whip.
You die...

.# #.# #....>...#.......#### .###
#.# #..###...#........... ...#
#.# #..# #...........#### .#.#
#.# #..###...#.......# # .#.# #.#
#...##.###.......# # .#.###.#
#.......##...###.# # .......#
#...##..#.......[# # ##.#####
##..o##.........### ##
.#.#########....so...(.._...####.
................)o..........+....
....######.#...####.........####.
.....# #.##..............## ##
.....# #.##########.....## #
....<# #.# ##...## # #...## #.#
##'######### ##.## #.#
#.........# #.# #.# #..######.#


You could see an orc priest and 2 orcs.

Vanquished Creatures
  4 adders
  4 worms
  A giant gecko (D:2)
  11 orcs
  2 hobgoblins
  2 jackals (D:3)
  8 bats
  7 giant cockroaches
  2 giant newts
  6 goblins
  12 kobolds
  9 rats
68 creatures vanquished.

Notes
Turn   | Place    | Note
--------------------------------------------------------------
     0 | D:1      | jacksonaction, the Octopode Transmuter, began the quest for the Orb.
     0 | D:1      | Reached XP level 1. HP: 13/13 MP: 3/3
   222 | D:1      | Reached XP level 2. HP: 9/18 MP: 2/4
   907 | D:2      | Reached XP level 3. HP: 15/23 MP: 6/6
   912 | D:2      | Learned a level 3 spell: Spider Form
   965 | D:2      | Found a shimmering altar of Xom.
  1236 | D:2      | Found a radiant altar of Vehumet.
  1773 | D:2      | Reached skill level 4 in Transmutations
  1773 | D:2      | Reached XP level 4. HP: 28/28 MP: 4/7
  2739 | D:3      | Found a sacrificial altar of Ru.
  2771 | D:3      | Reached skill level 5 in Transmutations
  2781 | D:3      | Reached XP level 5. HP: 22/33 MP: 5/9
  2790 | D:3      | Learned a level 4 spell: Ice Form
  3147 | D:3      | Found a snail-covered altar of Cheibriados.
  3148 | D:3      | Found an opulent altar of Gozag.
  3154 | D:3      | Became a worshipper of Cheibriados the Contemplative
  3203 | D:3      | HP: 1/33 [orc/short sword (3)]
  3204 | D:3      | Slain by an orc

Action                   |  1- 3 |  4- 6 || total
-------------------------+-------+-------++-------
Melee: Unarmed           |    81 |    81 ||   162
Throw: Stone             |    11 |     7 ||    18
 Cast: Beastly Appendage |     8 |     2 ||    10
       Spider Form       |     4 |    10 ||    14
 Stab: Sleeping          |     4 |       ||     4
  Eat: Chunk             |     2 |     7 ||     9
